 Dungeon Crawl Stone Soup version 0.17-a0-1399-gd5b76e1 (webtiles) character file.

580 IcyTea the Sneak (level 7, -6/46 HPs)
             Began as a Vampire Enchanter on June 19, 2015.
             Was a Believer of Dithmenos.
             Shot with an arrow by a centaur (9 damage)
             ... on level 5 of the Dungeon.
             The game lasted 00:33:37 (3771 turns).

IcyTea the Sneak (Vampire Enchanter)                Turns: 3771, Time: 00:33:37

Health: -6/46      AC:  5    Str:  7    XL:     7   Next: 13%
Magic:  1/10       EV: 13    Int: 19    God:    Dithmenos [**....]
Gold:   60         SH:  0    Dex: 15    Spells: 2 memorised, 7 levels left

rFire  . . .     SeeInvis +     m - +4 rapier
rCold  + . .     Clarity  .     h - +0 leather armour
rNeg   + + .     SustAt   .     (no shield)
rPois  +         Gourm    .     (no helmet)
rElec  .         Spirit   .     (no cloak)
rCorr  .         Warding  .     u - +0 pair of gloves
rMut   .         Stasis   .     q - +0 pair of boots {run}
MR     .....                    (no amulet)
Stlth  +++++.....               (no ring)
                                p - ring of poison resistance

@: regenerating slowly, wreathed by umbra, quick, not resistant to hostile
enchantments, quite stealthy
A: fangs 3, see invisible, unbreathing
a: Bat Form, Shadow Step, Renounce Religion


You were on level 5 of the Dungeon.
You worshipped Dithmenos.
Dithmenos was pleased with you.
You were very thirsty.

You visited 2 branches of the dungeon, and saw 6 of its levels.
You also visited: Sewer.

You collected 199 gold pieces.
You spent 139 gold pieces at shops.

Inventory:

Hand weapons
 f - a +4 dagger of speed
 m - a +4 rapier (weapon)
Missiles
 e - 3 tomahawks (quivered)
 i - 23 poisoned needles
 k - 9 needles of confusion
 r - 2 poisoned tomahawks
Armour
 h - a +0 leather armour (worn)
 q - a +0 pair of boots of running (worn)
 u - a +0 pair of gloves (worn)
Jewellery
 p - a ring of poison resistance (left hand)
Scrolls
 d - a scroll of fog
 s - a scroll of teleportation {unknown}
 t - a scroll of blinking
Potions
 b - 2 potions of flight
 g - a potion of cancellation {unknown}
 j - 2 potions of curing
 l - a potion of haste {unknown}
 n - a potion of mutation {unknown}
 o - a potion of magic {unknown}
Books
 c - a book of Maledictions

   Spells                             Type                      Level
   a - Corona                         Hexes                        1
   b - Ensorcelled Hibernation        Hexes/Ice                    2
   c - Confuse                        Hexes                        3
   d - Tukima's Dance                 Hexes                        3
   e - Dazzling Spray                 Conjuration/Hexes            3


   Skills:
 - Level 5.0 Short Blades
 - Level 4.0 Dodging
 - Level 7.0 Stealth
 - Level 2.0 Spellcasting
 - Level 6.4 Hexes
 - Level 1.8 Ice Magic


You had 7 spell levels left.
You knew the following spells:

 Your Spells              Type           Power        Failure   Level  Hunger
a - Corona                Hex            ####...      1%          1    #......
b - Ensorcelled Hibernat  Hex/Ice        ###...       10%         2    ###....


Dungeon Overview and Level Annotations

Branches:
Dungeon (5/15)             Temple (1/1) D:4

Altars:
Ashenzari
Cheibriados
Dithmenos
Elyvilon
Fedhas
Gozag
Kikubaaqudgha
Makhleb
Nemelex Xobeh
Okawaru
Qazlal
Ru
Sif Muna
Vehumet
Xom
Yredelemnul
Zin
The Shining One

Shops:
D:5 **

Annotations:
D:4 Grinder
D:5 Blork the orc, Duvessa


Innate Abilities, Weirdness & Mutations

You heal slowly.
You have razor-sharp teeth.
You have supernaturally acute eyesight.
You can survive without breathing.


Message History

Casting: Ensorcelled Hibernation
Confirm with . or Enter, or press ? or * to list all spells.
Aiming: Ensorcelled Hibernation
Press: ? - help, Shift-Dir - straight line, f/p - Blork the orc
Aim: Blork the orc, wielding a halberd and wearing an embroidered robe (umbra, chance to defeat MR: 48%) Blork the orc resists with almost no effort.
The centaur shoots an arrow.
The arrow hits you!
* * * LOW HITPOINT WARNING * * *
The centaur shoots an arrow.
The arrow hits you.
* * * LOW HITPOINT WARNING * * *
The centaur shoots an arrow.
The arrow barely misses you.
You see here an arrow.
The centaur shoots an arrow.
The arrow barely misses you.
A scorpion comes into view.
You see here an arrow.
The centaur shoots an arrow.
The arrow barely misses you.
Blork the orc casts a spell.
Blork the orc seems to speed up.
The centaur shoots an arrow.
The arrow hits you!
You die...

. ...... .'... .e#
#.##.###+###'#.... ....
##.##.##..#.....s.#
.....#...'.....'.......#
.....'...#.....#....c..#
....##.######'#.......#
.# #'###............+
#...'............###+##
#...#.....@.(.(..#....###
#...#.....#####o##......
+...#.....#..o.........
#...#.....+...........#
...##.....#...........#
#####......#.....##....#
#......#.....##....#
#....###....####...####+
#....# ##..# #...#....


You could see Blork the orc, a centaur and a scorpion (wandering).

Vanquished Creatures
  2 giant frogs (Sewer)
  A crimson imp (D:5)
  A giant frog skeleton (D:5)
  A worker ant (D:4)
  A hound zombie (D:5)
  A hound skeleton (D:5)
  9 adders
  2 river rats (D:5)
  A shadow imp (D:5)
  16 oozes
  An adder skeleton (D:4)
  4 worms
  9 orcs
  12 giant cockroaches
  7 goblins
  6 hobgoblins
  6 jackals
  10 kobolds
  2 quokkas (D:5)
  13 ball pythons
  6 bats
  6 giant geckos
  A giant gecko skeleton (D:4)
  20 giant newts
  5 rats
143 creatures vanquished.

Notes
Turn   | Place    | Note
--------------------------------------------------------------
     0 | D:1      | IcyTea the Vampire Enchanter began the quest for the Orb.
     0 | D:1      | Reached XP level 1. HP: 13/13 MP: 3/3
   109 | D:1      | Reached skill level 5 in Stealth
   230 | D:1      | Reached XP level 2. HP: 19/19 MP: 5/5
   354 | D:1      | Learned a level 2 spell: Ensorcelled Hibernation
   949 | D:2      | Reached XP level 3. HP: 21/24 MP: 1/6
  1004 | D:2      | Reached skill level 6 in Stealth
  1269 | D:2      | Found an opulent altar of Gozag.
  1533 | D:3      | Reached XP level 4. HP: 30/30 MP: 7/7
  2483 | D:4      | Found a staircase to the Ecumenical Temple.
  2501 | D:4      | Reached skill level 7 in Stealth
  2507 | Temple   | Entered the Ecumenical Temple
  2546 | Temple   | Became a worshipper of Dithmenos the Shadowed
  2653 | D:4      | Noticed Grinder
  2661 | D:4      | Paralysed by Grinder for 3 turns
  2668 | D:4      | Reached skill level 1 in Ice Magic
  2668 | D:4      | Reached XP level 5. HP: 5/35 MP: 1/8
  2690 | D:5      | Entered Level 5 of the Dungeon
  2690 | D:5      | Found Ixodgh Asker's Assorted Antiques.
  2751 | D:5      | Noticed Blork the orc
  2785 | D:5      | Found Vaffour's Assorted Antiques.
  2811 | D:5      | Bought a pair of embroidered boots for 139 gold pieces
  2816 | D:5      | Identified a +0 pair of boots of running (You bought it in a shop on level 5 of the Dungeon)
  3069 | D:5      | Found a glowing drain.
  3090 | Sewer    | Entered a sewer
  3158 | Sewer    | Reached XP level 6. HP: 41/41 MP: 9/9
  3218 | Sewer    | Reached skill level 5 in Short Blades
  3301 | Sewer    | Reached skill level 5 in Hexes
  3372 | Sewer    | Acquired Dithmenos's first power
  3557 | D:5      | Reached XP level 7. HP: 41/46 MP: 10/10
  3741 | D:5      | Noticed Duvessa
  3771 | D:5      | Shot with an arrow by a centaur

Vault maps used:
D:1:      lemuel_arrival_cross
D:2:      grunt_gozag_breadcrumbs
D:4:      uniq_grinder
D:5:      serial_shops, nicolae_shop_window_shopping, shop,
          nicolae_shop_waterfront, portal_sewer_entry_b, first_bread,
          uniq_crazy_yiuf_cottage, uniq_blork_the_orc, uniq_duvessa
Temple:   grunt_circular_temple_18
Sewer:    sewer_frog_island_02

Action                   |  1- 3 |  4- 6 |  7- 9 || total
-------------------------+-------+-------+-------++-------
Melee: Dagger            |    96 |   253 |       ||   349
       Rapier            |       |     4 |    20 ||    24
 Cast: Ensorcelled Hiber |     8 |    24 |     9 ||    41
  Use: Scroll            |     9 |     2 |     1 ||    12
       Potion            |       |     2 |       ||     2
 Stab: Sleeping          |    20 |    29 |     4 ||    53
  Eat: Corpse            |     2 |     3 |       ||     5
